 Dungeon Crawl Stone Soup version 0.27-a0-1230-gfc7c993222 (webtiles) character file.

Game seed: 7688717734587268163

67 Froggeryz the Skirmisher (level 4, -3/41 HPs)
             Began as a Gnoll Abyssal Knight on June 8, 2021.
             Was a Follower of Lugonu.
             Slain by Robin
             ... wielding a +5 club
              (4 damage)
             ... on level 2 of the Dungeon.
             The game lasted 00:04:33 (2903 turns).

Froggeryz the Skirmisher (Gnoll Abyssal Knight)     Turns: 2903, Time: 00:04:33

Health: -3/41      AC:  7    Str: 12    XL:     4   Next: 18%
Magic:  7/7        EV: 11    Int: 12    God:    Lugonu [*.....]
Gold:   38         SH:  0    Dex: 11    Spells: 5/5 levels left

rFire    . . .     SeeInvis .   a - +1 spear
rCold    . . .     Faith    .   (no shield)
rNeg     . . .     Spirit   .   f - +1 ring mail
rPois    .         Reflect  .   (no helmet)
rElec    .         Harm     .   (no cloak)
rCorr    .         Rampage  .   (no gloves)
Will     .....                  (no boots)
Stlth    +.........             (no amulet)
HPRegen  0.13/turn              (no ring)
MPRegen  0.10/turn              (no ring)

@: no status effects
A: fangs 1, strong nose, distributed training
a: Renounce Religion, Depart the Abyss


You were on level 2 of the Dungeon.
You worshipped Lugonu.
Lugonu was aware of your devotion.
You visited 1 branch of the dungeon, and saw 2 of its levels.
You visited the Abyss 1 time.

You collected 38 gold pieces.

Inventory:

Hand Weapons
 a - a +1 spear (weapon)
 h - a +0 hunting sling
Missiles
 i - 112 stones
Armour
 f - a +1 ring mail (worn)
Potions
 e - a potion of ambrosia {unknown}
 j - a potion of invisibility {unknown}


   Skills:
 + Level 6.6 Fighting
 + Level 1.0 Short Blades
 + Level 1.0 Long Blades
 + Level 1.0 Axes
 + Level 1.0 Maces & Flails
 + Level 4.6 Polearms
 + Level 1.0 Staves
 + Level 1.0 Slings
 + Level 1.0 Bows
 + Level 1.0 Crossbows
 + Level 1.0 Throwing
 + Level 4.6 Armour
 + Level 2.7 Dodging
 + Level 1.0 Stealth
 + Level 1.0 Shields
 + Level 1.0 Unarmed Combat
 + Level 1.0 Spellcasting
 + Level 0.8 Conjurations
 + Level 0.8 Hexes
 + Level 0.8 Summonings
 + Level 0.8 Necromancy
 + Level 0.8 Translocations
 + Level 0.8 Transmutations
 + Level 0.8 Fire Magic
 + Level 0.8 Ice Magic
 + Level 0.8 Air Magic
 + Level 0.8 Earth Magic
 + Level 0.8 Poison Magic
 + Level 4.6 Invocations
 + Level 1.0 Evocations


You had 5 spell levels left.
You didn't know any spells.
Your spell library contained the following spells:

 Spells                   Type           Power      Damage    Failure   Level
 Freeze                   Ice            8%         1d3       41%         1
 Ensorcelled Hibernation  Hex/Ice        4%         N/A       56%         2
 Confusing Touch          Hex            2%         N/A       80%         3
 Gell's Gravitas          Tloc           1%         N/A       80%         3
 Hailstorm                Conj/Ice       2%         3d3       99%         4
 Leda's Liquefaction      Hex/Erth       1%         N/A       99%         4
 Petrify                  Tmut/Erth      2%         N/A       99%         4
 Metabolic Englaciation   Hex/Ice        1%         N/A       100%        5
 Yara's Violent Unravell  Hex/Tmut       1%         3d3       100%        5


Dungeon Overview and Level Annotations

Branches:
Dungeon (2/15)

Altars:

Shops:
D:2 :*[

Annotations:
D:2 Robin


Innate Abilities, Weirdness & Mutations

You have very sharp teeth.
Your uncanny sense of smell can sniff out nearby items.
Your experience applies equally to all skills.


Message History

You feel sick. Robin hits you with a +5 club. The goblin barely misses you.
You hit Robin but do no damage. Your bite misses Robin.
Robin is severely wounded.
Robin hits you with a +5 club.
You closely miss the goblin.
You feel sick. The goblin closely misses you. Robin hits you with a +5 club.
You hit the goblin.
The goblin is moderately wounded.
You feel sick. The goblin hits you but does no damage.
You are more poisoned.
You hit the goblin but do no damage.
The goblin is moderately wounded.
* * * LOW HITPOINT WARNING * * *
You feel very sick. Robin hits you with a +5 club.
* * * LOW HITPOINT WARNING * * *
The goblin barely misses you.
* * * LOW HITPOINT WARNING * * *
You feel sick.
Unknown command.
You feel better.
The goblin no longer looks unusually strong.
Robin throws the goblin at you! The goblin closely misses you.
You closely miss the goblin.
The goblin is moderately wounded.
Robin roars a battlecry!
The goblin goes into a battle-frenzy!
The goblin hits you with a +1 dagger of venom.
* * * LOW HITPOINT WARNING * * *
Okay, then.
Okay, then.
You barely miss the goblin.
The goblin is moderately wounded.
Robin hits you with a +5 club.
* * * LOW HITPOINT WARNING * * *
The goblin barely misses you.
You hit the goblin but do no damage.
The goblin is moderately wounded.
Robin hits you with a +5 club.
You die...

##################
#...........#..... ###########
#.#...#.∩.#....### ###....))...#
#.#.#..........#
........)...####.#.#...#......#
.#########).##................###
...#...#.........................
.#.#.#.#.#.###.#g#.#....##.#..###
.#.#.#.#.#)###..@#.#.#.###.#..#
.#.#.#.#.#.....#.g...###.###..#
.#.#.#.#.#.###..##.#.##.#.##..#
.#.#.#)#.#.##....#.###.#.#.##.#
.#.#.#.#.#......#..##.#.#.#.###
.#...#...#........##.#.###.#.##
.#########..#######.#.##.##.#.##
..........).# ##.#.##.#.##.#.##
#######..#..# ##.#.##.#.#.##.#.#


You could see Robin and a goblin (strong).

Vanquished Creatures
  2 adders (D:2)
  A worm (D:2)
  A dart slug (D:1)
  An endoplasm (D:1)
  2 giant cockroaches (D:1)
  11 goblins (D:2)
  6 hobgoblins
  3 jackals (D:2)
  A quokka (D:2)
  3 ball pythons (D:2)
  2 bats (D:2)
  4 kobolds (D:2)
  3 rats (D:2)
40 creatures vanquished.

Notes
Turn   | Place    | Note
-------+----------+-------------------------------------------
     0 | Abyss:1  | Froggeryz the Gnoll Abyssal Knight began the quest for the
                  | Orb.
     0 | Abyss:1  | Reached XP level 1. HP: 23/23 MP: 3/3
    24 | Abyss:2  | Noticed a neqoxec
    28 | D:1      | Escaped the Abyss
   371 | D:1      | Reached XP level 2. HP: 29/29 MP: 5/5
   422 | D:1      | Found a faded altar of an unknown god.
   425 | D:1      | Identified the Reference Book on Earthen Snow
   983 | D:2      | Reached * piety under Lugonu
  1208 | D:2      | Found Otoat's General Store.
  1222 | D:2      | Noticed Robin
  1348 | D:2      | Reached XP level 3. HP: 35/35 MP: 6/6
  1376 | D:2      | Found Vofusmoy's Book Boutique.
  1729 | D:2      | Reached skill level 1 in Short Blades
  1729 | D:2      | Reached skill level 1 in Long Blades
  1729 | D:2      | Reached skill level 1 in Axes
  1729 | D:2      | Reached skill level 1 in Maces & Flails
  1729 | D:2      | Reached skill level 1 in Staves
  1729 | D:2      | Reached skill level 1 in Slings
  1729 | D:2      | Reached skill level 1 in Bows
  1729 | D:2      | Reached skill level 1 in Crossbows
  1729 | D:2      | Reached skill level 1 in Throwing
  1729 | D:2      | Reached skill level 1 in Stealth
  1729 | D:2      | Reached skill level 1 in Shields
  1729 | D:2      | Reached skill level 1 in Unarmed Combat
  1729 | D:2      | Reached skill level 1 in Spellcasting
  1729 | D:2      | Reached skill level 1 in Evocations
  2057 | D:2      | Reached XP level 4. HP: 41/41 MP: 7/7
  2115 | D:2      | Found Xacaofue's Armour Shop.
  2902 | D:2      | HP: 1/41 [Robin/+5 club (5)]
  2903 | D:2      | Slain by Robin

Illustrated notes

Levels and vault maps discovered:
D:1:      minmay_arrival_glassed_features, layout_basic,
          chequers_ecumenical_altar_simple
D:2:      minmay_inner_zag, layout_loops_ring, serial_shops,
          nicolae_shop_window_shopping, shop, nicolae_shop_stone, minivault_27,
          kennysheep_generic_room_9, uniq_robin

Skill      XL: |  1  2  3 |
---------------+----------+-----
Short Blades   | 1 |  1.0
Long Blades    | 1 |  1.0
Axes           | 1 |  1.0
Maces & Flails | 1 |  1.0
Staves         | 1 |  1.0
Slings         | 1 |  1.0
Bows           | 1 |  1.0
Crossbows      | 1 |  1.0
Throwing       | 1 |  1.0
Stealth        | 1 |  1.0
Shields        | 1 |  1.0
Unarmed Combat | 1 |  1.0
Spellcasting   | 1 |  1.0
Evocations     | 1 |  1.0
Fighting       | |  6.6
Polearms       | |  4.6
Armour         | |  4.6
Dodging        | |  2.7
Conjurations   | |  0.8
Hexes          | |  0.8
Summonings     | |  0.8
Necromancy     | |  0.8
Translocations | |  0.8
Transmutations | |  0.8
Fire Magic     | |  0.8
Ice Magic      | |  0.8
Air Magic      | |  0.8
Earth Magic    | |  0.8
Poison Magic   | |  0.8
Invocations    | |  4.6

Action                   |  1- 3 |  4- 6 || total
-------------------------+-------+-------++-------
Melee: Spear             |    87 |    22 ||   109
       Bite              |     8 |     2 ||    10
 Fire: Hunting sling     |    57 |     2 ||    59
Invok: Depart the Abyss  |     1 |       ||     1
  Use: Potion            |     1 |     1 ||     2
       Scroll            |     1 |     4 ||     5
Armor: Leather armour    |     6 |       ||     6
       Ring mail         |    35 |     6 ||    41
Dodge: Dodged            |    52 |    20 ||    72

Table legend: (Time is in decaauts)
 A = Elapsed time spent in this place.
 B = Non-inter-level travel time spent in this place.
 C = Inter-level travel time spent in this place.
 D = Time resting spent in this place.
 E = Time spent auto-exploring this place.
 F = Levels seen in this place.
 G = Mean time per level.
                   A        B        C        D        E       F      G
               +--------+--------+--------+--------+--------+-----+--------+
         Total |   2896 |   2533 |    363 |     56 |   1737 |   4 |  724.0 |
       Dungeon |   2868 |   2505 |    363 |     56 |   1737 |   2 | 1434.0 |
         Abyss |     27 |     27 |      0 |      0 |      0 |   2 |   13.5 |
               +--------+--------+--------+--------+--------+-----+--------+

Top non-repeatable levels by time:
     D:2: 1988 daAuts
     D:1: 879 daAuts
 Abyss:2: 24 daAuts
 Abyss:1: 3 daAuts
